 Dungeon Crawl Stone Soup version 0.23.0 (webtiles) character file.

Game seed: 667148908720395971

51 MalarOregon the Changer (level 3, -1/28 HPs)
             Began as a Merfolk Transmuter on Feb 14, 2019.
             Slain by an orc wizard
             ... wielding a +0 dagger
              (3 damage)
             ... on level 3 of the Dungeon.
             The game lasted 00:02:30 (1358 turns).

MalarOregon the Changer (Merfolk Transmuter)        Turns: 1358, Time: 00:02:30

Health: -1/28      AC:  2    Str: 11    XL:     3   Next: 83%
Magic:  4/6        EV: 21    Int: 12    God:
Gold:   57         SH:  0    Dex: 19    Spells: 1/7 levels left

rFire    . . .     SeeInvis .     - Unarmed
rCold    . . .     Gourm    .   (shield currently unavailable)
rNeg     . . .     Faith    .   (armour currently unavailable)
rPois    x         Spirit   .   (helmet currently unavailable)
rElec    .         Reflect  .   (cloak currently unavailable)
rCorr    .         Harm     .   (gloves currently unavailable)
MR       .....                  (boots currently unavailable)
Stlth    +.........             (no amulet)
HPRegen  0.09/turn              (no ring)
MPRegen  0.10/turn              (no ring)

@: confused, spider-form (expiring)
A: tiny, (change form in water), (swift swim), (stealthy swim)
a: End Transformation


You were on level 3 of the Dungeon.
You were not hungry.
You were a venomous arachnid creature.
You visited 1 branch of the dungeon, and saw 3 of its levels.

You collected 57 gold pieces.

Inventory:

Missiles
 a - 51 arrows
Armour
 b - a +0 robe (melded)
 d - a +0 shield
   (You found it on level 1 of the Dungeon)
Scrolls
 f - a scroll of random uselessness {unknown}
 i - 2 scrolls of teleportation {unknown}
 k - 4 scrolls of identify {unknown}
 l - a scroll of fear {unknown}
 m - a scroll of fog {unknown}
 o - a scroll of enchant weapon {unknown}
Potions
 c - a potion of lignification {unknown}
 g - a potion of degeneration {unknown}
 h - a potion of brilliance {unknown}
 j - a potion of curing {unknown}
 n - a potion of invisibility {unknown}
Comestibles
 e - 8 rations {!d}
 p - 4 chunks of flesh


   Skills:
 + Level 2.3 Fighting
 - Level 2.6 Dodging
 - Level 3.2 Unarmed Combat
 + Level 2.5 Spellcasting
 + Level 3.7 Transmutations
 + Level 0.7 Poison Magic


You had one spell level left.
You knew the following spells:

 Your Spells              Type           Power        Failure   Level  Hunger
a - Beastly Appendage     Tmut           ##....       16%         1    #......
s - Sticks to Snakes      Tmut           ##......     22%         2    ###....
x - Spider Form           Tmut/Pois      #.........   52%         3    ###....

Your spell library contained the following spells:

 Spells                   Type           Power        Failure   Level  Hunger
 Ice Form                 Ice/Tmut       #.......     89%         4    #####..
 Blade Hands              Tmut           ##........   94%         5    ######.


Dungeon Overview and Level Annotations

Branches:
Dungeon (3/15)

Altars:
Trog


Message History

The leopard gecko barely misses you.
You hit the leopard gecko.
You kill the leopard gecko!
You barely miss the orc. You headbutt the orc.
You hit the orc but do no damage.
The orc hits you with a +2 mace of protection.
You hit the orc.
You kill the orc!
You hit the kobold. Your headbutt misses the kobold. The kobold hits you.
You closely miss the kobold. The kobold hits you.
* * * LOW HITPOINT WARNING * * *
You barely miss the kobold. Your headbutt misses the kobold.
The kobold hits you but does no damage.
You hit the kobold. The kobold closely misses you.
You barely miss the kobold. You headbutt the kobold.
You kill the kobold!
Your transformation is almost over.
You hit the leopard gecko. You headbutt the leopard gecko.
You kill the leopard gecko!
The orc throws a tomahawk.
The tomahawk barely misses you.
Your horns disappear.
You turn into a venomous arachnid creature.
Your +0 robe melds into your body.
Something barely misses you.
You barely miss something.
You hear some strange, mumbled words.
A puff of flame appears from out of thin air!
The puff of flame hits you!
* * * LOW HITPOINT WARNING * * *
The orc barely misses you.
Unknown command.
You hear some strange, mumbled words.
You are confused.
You see here a tomahawk.
You're too confused to move!
Your transformation is almost over.
You hear some strange, mumbled words.
A magic dart appears from out of thin air!
The magic dart hits you.
* * * LOW HITPOINT WARNING * * *
A quokka comes into view.
You're too confused to move!
Something hits you but does no damage.
The orc throws a tomahawk.
The tomahawk barely misses you.
You bump into the rock wall.
You feel less confused.
You hear some strange, mumbled words.
You are confused.
You're too confused to move!
Something hits you.
You die...

## #...#....# ...
#....# #.. #)##..#
#...##o## .#.###
#..(..##.#....
.>..####.(.#.#..##.
.........#.....#...
...r.####........#
........s#.....###
.....###...(....####
... ###....#..... .
##.....## ###รท#.#
#.#.####.###
#...<.......
###.####.... #..# .


You could see a quokka.

Vanquished Creatures
  2 adders (D:2)
  An ooze (D:2)
  A dart slug (D:1)
  2 leopard geckos (D:3)
  An orc (D:3)
  A bat (D:1)
  3 goblins (D:1)
  3 jackals (D:3)
  A quokka (D:2)
  2 frilled lizards
  5 kobolds
  6 rats
28 creatures vanquished.

Notes
Turn   | Place    | Note
-------+----------+-------------------------------------------
     0 | D:1      | MalarOregon the Merfolk Transmuter began the quest for the
                  | Orb.
     0 | D:1      | Reached XP level 1. HP: 15/15 MP: 3/3
   101 | D:1      | Reached XP level 2. HP: 18/21 MP: 3/5
   604 | D:2      | Reached XP level 3. HP: 12/27 MP: 4/6
   772 | D:2      | Learned a level 2 spell: Sticks to Snakes
   776 | D:2      | Learned a level 3 spell: Spider Form
   942 | D:2      | Found a bloodstained altar of Trog.
  1352 | D:3      | HP: 1/28 [something/magic dart (6)]
  1358 | D:3      | Slain by an orc wizard

Skill      XL: |  1  2 |
---------------+-------+-----
Transmutations | 3 |  3.7
Fighting       | 2 |  2.3
Dodging        | |  2.6
Unarmed Combat | |  3.2
Spellcasting   | |  2.5
Poison Magic   | |  0.7

Action                   || total
-------------------------++-------
Melee: Unarmed           ||    98
       Headbutt          ||    13
 Cast: Beastly Appendage ||    20
       Spider Form       ||     1
 Stab: Sleeping          ||     1
  Eat: Chunk             ||     2
Armor: Robe              ||    19
       Skin              ||     1
Dodge: Dodged            ||    76
